 Dungeon Crawl Stone Soup version 0.29-a0-341-g24ffce5b50 (webtiles) character file.

Game seed: 4702623061723416799

279 spiderkeys the Skirmisher (level 6, -1/53 HPs)
             Began as a Ghoul Abyssal Knight on Apr 21, 2022.
             Was a Priest of Lugonu.
             Splashed by a jelly's acid (7 damage)
             ... on level 4 of the Dungeon.
             The game lasted 00:04:52 (3432 turns).

spiderkeys the Skirmisher (Ghoul Abyssal Knight)    Turns: 3432, Time: 00:04:53

Health: -1/53      AC:  0    Str: 19    XL:     6   Next: 26%
Magic:  2/2        EV:  5    Int:  5    God:    Lugonu [***...]
Gold:   144        SH:  0    Dex:  9    Spells: 5/5 levels left

rFire   . . .      SeeInvis .   o - +1 war axe (antimagic)
rCold   + . .      Faith    .   (no shield)
rNeg    + + +      Spirit   .   e - +0 plate armour
rPois   ∞          Reflect  .   s - +0 helmet
rElec   .          Harm     .   t - +0 cloak
rCorr   .          Rampage  .   r - +2 pair of gloves {Stlth+}
Will    .....                   (no boots)
Stlth   ..........              (no amulet)
HPRegen 0.00/turn               (no ring)
MPRegen 0.08/turn               (no ring)

@: corroded, inhibited regen
A: claws 1, cold resistance 1, negative energy resistance 3, inhibited
regeneration, torment resistance 2, devour on kill
a: Renounce Religion, Depart the Abyss, Bend Space, Banish


You were on level 4 of the Dungeon.
You worshipped Lugonu.
Lugonu was most pleased with you.
You visited 1 branch of the dungeon, and saw 4 of its levels.
You visited the Abyss 1 time.

You collected 144 gold pieces.


Innate Abilities, Weirdness & Mutations

You are immune to poison.
You have sharp fingernails.
Your flesh is cold resistant. (rC+)
You are immune to negative energy. (rN+++)
You do not regenerate when monsters are visible.
You are immune to unholy pain and torment.
You thrive by killing the living.


   Skills:
 + Level 4.6 Fighting
 + Level 3.2 Axes
 + Level 3.2 Armour
 - Level 1.0 Dodging
 + Level 3.8 Invocations


You had 5 spell levels left.
You didn't know any spells.
Your spell library contained the following spells:

 Spells                   Type           Power      Damage    Failure   Level
 Ensorcelled Hibernation  Hex/Ice        0%         N/A       100%        2
 Anguish                  Hex/Necr       0%         N/A       100%        4
 Irradiate                Conj/Tmut      0%         3d13      100%        5
 Spider Form              Tmut/Pois      Unusable   N/A       N/A         3
 Blade Hands              Tmut           Unusable   N/A       N/A         5
 Dragon Form              Tmut           Unusable   N/A       N/A         7

Inventory:

Hand Weapons
 a - a +1 hand axe
 o - a +1 antimagic war axe (weapon)
   (You found it on level 3 of the Dungeon)
Missiles
 c - 93 stones
 g - 14 boomerangs
 i - 3 atropa-tipped darts
 p - 7 poisoned darts
Armour
 d - a +0 robe of resistance
   (You found it on level 1 of the Dungeon)
 e - a +0 plate armour (worn)
   (You found it on level 2 of the Dungeon)
 r - a +2 pair of gloves of stealth (worn)
   (You found it on level 2 of the Dungeon)
 s - a +0 helmet (worn)
   (You found it on level 2 of the Dungeon)
 t - a +0 cloak (worn)
   (You found it on level 3 of the Dungeon)
 u - a +0 robe
   (You took it off an orc wizard on level 3 of the Dungeon)
 v - a +0 robe
   (You took it off an orc wizard on level 3 of the Dungeon)
Wands
 h - a wand of flame (23)
   (You took it off Natasha on level 3 of the Dungeon)
Scrolls
 b - a scroll of vulnerability {unknown}
 j - 2 scrolls of amnesia {unknown}
 l - 2 scrolls of teleportation {@r4}
 m - a scroll of acquirement {unknown}
 q - a scroll of enchant weapon {unknown}
 w - a scroll of identify {@r1}
Potions
 f - a potion of mutation {unknown}
 k - a potion of magic {unknown}
 n - 2 potions of cancellation {unknown}

Dungeon Overview and Level Annotations

Branches:
Dungeon (4/15)
 Temple: D:4-7

Altars:
Cheibriados
Qazlal

Annotations:
Abyss:1 Terence

............##
.............
.....$..<...
...........# #
...........##.##
...............#
#....<.....#
...#......###..#
.?.....@.##
......oJ†......
...........#.#.
#..........#
..........$.#
#.............
##...........##
............#


You could see a jelly and an orc.


Message History

Lugonu accepts your kill.
You feel better. 😎 HP[+3]
Your hp is fully restored (53).
No target in view!
No target in view!
You see here a +0 dagger.
Found a stone staircase leading up.
You now have 144 gold pieces (gained 7).
Key pressed, stopping explore.
There is a stone staircase leading down here.
Done exploring.
Done exploring.
You see here a +1 short sword of electrocution.
There is a stone staircase leading down here.
You see here a +0 dagger.
There is a stone staircase leading down here.
Unknown command.
Unknown command.
There is a stone staircase leading down here.
You climb downwards.
The jackal barks! x3
Found a scroll of teleportation and 29 gold pieces.
Found a stone staircase leading up.
There is a stone staircase leading up here.
A jelly comes into view.
The jackal bites you but does no damage.
The jackal barely misses you.
You barely miss the jackal. You closely miss the jackal.
The jackal bites you but does no damage. x4
An orc comes into view. It is wielding a +0 mace.
You closely miss the jackal. You hit the jackal. You slash the jackal!
You kill the jackal!
Lugonu accepts your kill.
The jackal barely misses you. x2; The jackal bites you.
The jackal barely misses you. 😕 HP[-2]
You take 2 damage, and now have 51/53 hp.
You hit the jackal.
You kill the jackal!
Lugonu accepts your kill.
You closely miss the jackal.
The jackal bites you but does no damage. x2
You slash the jackal!
You kill the jackal!
Lugonu accepts your kill.
You feel better. 😎 HP[+2]
Your hp is fully restored (53).
You hit the jelly.
Your hands burn!
The jelly hits you but does no damage. 😕 HP[-5]
You take 5 damage, and now have 48/53 hp.
You slash the jelly!
Your hands burn!
The jelly hits you but does no damage. x2
The orc hits you but does no damage. 😕 HP[-1]
You take 1 damage, and now have 47/53 hp.
You hit the jelly. The acid corrodes you!
Your hands burn!
You barely miss the orc. The orc hits you with a +0 mace.
The jelly hits you but does no damage. 😮 HP[-8]
You take 8 damage, and now have 39/53 hp.
You are too injured to fight recklessly!
You are too injured to fight recklessly!
You are too injured to fight recklessly!
You are too injured to fight recklessly!
Unknown command.
You hit the jelly but do no damage. The acid corrodes you!
Your hands burn!
You closely miss the orc. The orc hits you but does no damage.
The jelly jiggles.
The jelly barely misses you. 😮 HP[-5]
You take 5 damage, and now have 34/53 hp.
You hit the jelly but do no damage. The acid corrodes you!
Your hands burn!
You hit the orc. The orc hits you with a +0 mace.
The jelly hits you but does no damage. The jelly hits you.
You are splashed with acid!
* * * LOW HITPOINT WARNING * * *
The orc hits you but does no damage. 😨 HP[-14]
You take 14 damage, and now have 20/53 hp.
MASSIVE DAMAGE!! (PAUSE)
You completely miss the jelly. You hit the orc but do no damage.
The orc hits you with a +0 mace.
* * * LOW HITPOINT WARNING * * *
The jelly hits you but does no damage. 😨 HP[-4]
You take 4 damage, and now have 16/53 hp.
You hit the jelly but do no damage.
Your hands burn!
* * * LOW HITPOINT WARNING * * *
You closely miss the orc. The orc barely misses you.
The jelly hits you but does no damage. 😱 HP[-5]
You take 5 damage, and now have 11/53 hp.
You hit the jelly but do no damage.
Your hands burn!
* * * LOW HITPOINT WARNING * * *
You hit the orc but do no damage. The orc hits you but does no damage.
The jelly hits you.
* * * LOW HITPOINT WARNING * * *
The acid corrodes you!
You are splashed with acid!
You die...

Skill      XL: |  1  2  3  4  5 |
---------------+----------------+-----
Dodging        | 1 |  1.0
Axes           | 2 3 |  3.2
Armour         | 2 3 |  3.2
Fighting       | 4 |  4.6
Invocations    | 3 |  3.8

Action                   |  1- 3 |  4- 6 || total
-------------------------+-------+-------++-------
Melee: Hand axe          |    60 |   129 ||   189
       War axe           |       |    38 ||    38
Throw: Boomerang         |       |     3 ||     3
       Dart              |       |     1 ||     1
Invok: Banish            |       |     1 ||     1
  Use: Scroll            |     1 |     2 ||     3
 Stab: Invisible         |       |     1 ||     1
Armor: Ring mail         |    29 |    32 ||    61
       Leather armour    |     2 |       ||     2
       Plate armour      |       |   103 ||   103
Dodge: Dodged            |    52 |    65 ||   117

Levels and vault maps discovered:
D:1:      psy_arrival_statuary, layout_basic, feat_on_display
D:2:      layout_basic, basic_altar, minmay_quadrilaterals, uniq_terence,
          uniq_natasha
D:3:      layout_loops_ring, slow_altar_1
D:4:      layout_cave_pools

Notes
Turn   | Place    | Note
-------+----------+-------------------------------------------
     0 | Abyss:1  | spiderkeys the Ghoul Abyssal Knight began the quest for the
                  | Orb.
     0 | Abyss:1  | Reached XP level 1. HP: 19/19 MP: 1/1
     0 | Abyss:1  | magus.rc [v1.11.3]
    10 | D:1      | You pass through the gate.
    10 | D:1      | Escaped the Abyss
    48 | D:1      | You pick up a book of Transfigurations and begin reading...
    85 | D:1      | Reached skill level 1 in Dodging
   267 | D:1      | Reached XP level 2. HP: 26/26 MP: 2/2
   268 | D:1      | Reached skill level 2 in Axes
   268 | D:1      | Reached skill level 2 in Armour
   573 | D:2      | Found a stormy altar of Qazlal.
   661 | D:2      | Noticed Natasha
   676 | D:3      | HP: 6/26 [adder (4)]
   680 | D:3      | Reached XP level 3. HP: 4/33 MP: 3/3
   947 | D:3      | Killed Natasha
   948 | D:3      | Reached XP level 4. HP: 30/40 MP: 3/5
  1043 | D:2      | Reached *** piety under Lugonu
  1136 | D:2      | Reached skill level 4 in Fighting
  1256 | D:2      | Noticed Terence
  1265 | D:2      | HP: 8/40 [Terence/+1 falchion of holy wrath (7)]
  1265 | D:2      | HP: 2/40 [Terence/+1 falchion of holy wrath (6)]
  1266 | D:2      | Banished Terence
  1267 | D:2      | Reached skill level 3 in Invocations
  1846 | D:2      | Reached XP level 5. HP: 45/46 MP: 6/6
  2157 | D:3      | Noticed Natasha
  2158 | D:3      | Found a snail-covered altar of Cheibriados.
  2165 | D:3      | Killed Natasha
  2414 | D:3      | Noticed Natasha
  2427 | D:3      | Killed Natasha
  2428 | D:3      | Reached skill level 3 in Axes
  2428 | D:3      | Reached skill level 3 in Armour
  2568 | D:3      | You pick up a book of Dreams and begin reading...
  2568 | D:3      | You add the spells Ensorcelled Hibernation and Anguish to
                  | your library.
  2818 | D:3      | Reached XP level 6. HP: 53/53 MP: 2/7
  3431 | D:4      | HP: 11/53 [acid (5)]
  3432 | D:4      | Splashed by a jelly's acid

Vanquished Creatures
  An iron imp (D:3)
  Natasha (thrice) (D:3)
  2 orc wizards (D:3)
  3 adders
  4 dart slugs
  3 orcs
  3 ball pythons
  5 bats
  6 endoplasms
  3 giant cockroaches
  4 hobgoblins
  6 jackals
  A quokka (D:1)
  2 frilled lizards (D:1)
  4 goblins
  8 kobolds
  6 rats
64 creatures vanquished.

Table legend:
 A = Non-vault XP
 B = Vault XP
 C = Vault XP percentage of total XP
 D = Non-vault monster count
 E = Vault monster count
 F = Vault count percentage of total count
                 A         B        C        D         E       F
            +---------+---------+-------+---------+---------+-------
      Total |     276 |     123 |  30.8 |      56 |       9 |  13.8
            +---------+---------+-------+---------+---------+-------
        D:1 |      25 |       0 |   0.0 |      15 |       0 |   0.0
        D:2 |      33 |      48 |  59.3 |      13 |       7 |  35.0
        D:3 |     212 |      75 |  26.1 |      25 |       2 |   7.4
        D:4 |       6 |       0 |   0.0 |       3 |       0 |   0.0
            +---------+---------+-------+---------+---------+-------

Illustrated notes

Table legend:
 A = Kills in this place as a percentage of kills in entire the game.
 B = Kills by you in this place as a percentage of kills by you in the entire game.
 C = Kills by friends in this place as a percentage of kills by friends in the entire game.
 D = Other kills in this place as a percentage of other kills in the entire game.
 E = Experience gained in this place as a percentage of experience gained in the entire game.
 F = Experience gained in this place divided by the number of levels of this place that you have seen.
                   A       B       C       D       E      F
               +-------+-------+-------+-------+-------+----------------------
         Total | 100.0 | 100.0 |   N/A | 100.0 | 100.0 |  79.8
       Dungeon | 100.0 | 100.0 |   N/A | 100.0 | 100.0 |  99.8
               +-------+-------+-------+-------+-------+----------------------

Table legend: (Time is in decaauts)
 A = Elapsed time spent in this place.
 B = Non-inter-level travel time spent in this place.
 C = Inter-level travel time spent in this place.
 D = Time resting spent in this place.
 E = Time spent auto-exploring this place.
 F = Levels seen in this place.
 G = Mean time per level.
                   A        B        C        D        E       F      G
               +--------+--------+--------+--------+--------+-----+--------+
         Total |   3511 |   3094 |    417 |   1076 |   1420 |   5 |  702.2 |
       Dungeon |   3501 |   3084 |    417 |   1076 |   1417 |   4 |  875.2 |
         Abyss |     10 |     10 |      0 |      0 |      3 |   1 |   10.0 |
               +--------+--------+--------+--------+--------+-----+--------+

Top non-repeatable levels by time:
     D:3: 1892 daAuts
     D:2: 1067 daAuts
     D:1: 523 daAuts
     D:4: 17 daAuts
 Abyss:1: 10 daAuts
